 Dungeon Crawl Stone Soup version 0.22.1-1-ga44c0e56f4 (webtiles) character file.

72237 Gargoyl the Cleaver (level 15, -1/126 HPs)
             Began as a Centaur Abyssal Knight on Sept 24, 2018.
             Was a High Priest of Lugonu.
             Killed from afar by a raiju (6 damage)
             ... with a living lightning
             ... on level 6 of the Lair of Beasts on Sept 25, 2018.
             The game lasted 00:43:57 (23412 turns).

Gargoyl the Cleaver (Centaur Abyssal Knight)       Turns: 23412, Time: 00:43:57

Health: -1/126     AC: 18    Str: 19    XL:     15   Next: 0%
Magic:  24/24      EV: 10    Int: 11    God:    Lugonu [*****.]
Gold:   1137       SH:  7    Dex: 13    Spells: 14/14 levels left

rFire    + . .     SeeInvis .   m - +3 war axe (venom)
rCold    + + .     Gourm    .   h - +2 buckler
rNeg     + . .     Faith    .   o - +4 chain mail {rPois}
rPois    +         Spirit   .   b - +0 helmet "Norchamm" {-Cast +Blink rC+ rCorr}
rElec    .         Reflect  .   n - scarf {rC+ rF+}
rCorr    +         Harm     .   j - +1 pair of gloves
MR       +....     Clarity  +   (no barding) Stlth ..........NoCast +
                                u - amulet of regeneration
HPRegen  1.11/turn              f - +3 ring of evasion
MPRegen  0.19/turn              p - ring of positive energy

@: very quick
A: large, hooves 3, thin skeletal structure 1, blink, clarity, deformed body,
speed 2, regeneration 1, tough skin 3
a: Blink, Depart the Abyss, Bend Space, Banish, Corrupt, Enter the Abyss,
Renounce Religion, Evoke Blink


You were on level 6 of the Lair of Beasts.
You worshipped Lugonu.
Lugonu was extremely pleased with you.
You were hungry.

You visited 2 branches of the dungeon, and saw 18 of its levels.
You visited the Abyss 1 time.
You also visited: Sewer and Ice Cave.

You collected 1386 gold pieces.
You spent 249 gold pieces at shops.

Inventory:

Hand Weapons
 a - a +1 hand axe
 m - a +3 war axe of venom (weapon)
 K - a +0 broad axe of chopping
Missiles
 r - 9 tomahawks (quivered)
Armour
 b - the +0 helmet "Norchamm" (worn) {-Cast +Blink rC+ rCorr}
   (You found it on level 6 of the Dungeon)

   It protects you from cold.
   It lets you blink.
   It prevents spellcasting.
   It provides partial protection from all sources of acid and corrosion.
 h - a +2 buckler (worn)
 j - a +1 pair of gloves (worn)
 n - a scarf of resistance (worn)
 o - a +4 chain mail of poison resistance (worn)
Jewellery
 f - a +3 ring of evasion (left hand)
 p - a ring of positive energy (right hand)
 u - an amulet of regeneration (around neck)
 L - a cursed -3 ring of slaying {unknown}
 N - an uncursed ring of positive energy
Wands
 z - a wand of enslavement (15)
 F - a wand of clouds (2)
Scrolls
 e - 10 scrolls of remove curse
 g - 7 scrolls of blinking
 k - 3 scrolls of identify
 q - 3 scrolls of fog
 v - 2 scrolls of magic mapping
 B - 2 scrolls of fear
 D - 6 scrolls of teleportation
Potions
 d - 3 potions of curing
 i - 3 potions of flight
 l - 2 potions of brilliance
 s - 2 potions of lignification
 t - a potion of resistance {unknown}
 C - a potion of invisibility
 H - 2 potions of ambrosia
 I - 3 potions of agility
 J - a potion of cancellation
Comestibles
 c - 22 rations
 w - 3 chunks of flesh


   Skills:
 + Level 9.7 Fighting
 + Level 12.9 Axes
 + Level 2.5 Throwing
 * Level 10.9 Armour
 + Level 3.6 Dodging
 + Level 3.4 Shields
 * Level 12.1 Invocations
 + Level 2.1 Evocations


You had 14 spell levels left.
You didn't know any spells.
Your spell library contained the following spells:

 Spells                   Type           Power        Failure   Level  Hunger
 Beastly Appendage        Tmut           #.....       95%         1    ##.....
 Confusing Touch          Hex            #.....       95%         1    ##.....
 Magic Dart               Conj           #...         95%         1    ##.....
 Searing Ray              Conj           #.....       98%         2    ###....
 Sticks to Snakes         Tmut           #.......     98%         2    ###....
 Confuse                  Hex            #.......     100%        3    ####...
 Dazzling Spray           Conj/Hex       #.....       100%        3    ####...
 Gell's Gravitas          Tloc           #.........   100%        3    ####...
 Spider Form              Tmut/Pois      #.........   100%        3    ####...
 Force Lance              Conj/Tloc      #.......     100%        4    #####..
 Fulminant Prism          Conj/Hex       #.........   100%        4    #####..
 Ice Form                 Ice/Tmut       #.......     100%        4    #####..
 Iskenderun's Mystic Bla  Conj           #.......     100%        4    #####..
 Petrify                  Tmut/Erth      #.......     100%        4    #####..
 Blade Hands              Tmut           #.........   100%        5    ######.
 Metabolic Englaciation   Hex/Ice        #.........   100%        5    ######.
 Yara's Violent Unravell  Hex/Tmut       #.........   100%        5    ######.
 Bolt of Cold             Conj/Ice       #.........   100%        6    #######
 Freezing Cloud           Conj/Ice/Air   #.........   100%        6    #######
 Ozocubu's Refrigeration  Ice            #.........   100%        6    #######
 Simulacrum               Ice/Necr       #.........   100%        6    #######


Dungeon Overview and Level Annotations

Branches:
Dungeon (12/15)            Temple (0/1) D:6            Lair (6/6) D:10
 Shoals (0/4) Lair:3        Snake (0/4) Lair:3        Slime (0/5) Lair:5
    Orc (0/2) D:10

Altars:
Cheibriados
Gozag
Hepliaklqana
Makhleb
Qazlal
Sif Muna
Trog
Vehumet
Wu Jian
Xom
Yredelemnul
Zin
The Shining One
Beogh
Jiyva

Shops:
D:4 *   D:5 [   D:6 [   D:12 *


Innate Abilities, Weirdness & Mutations

You have hooves in place of feet.
Armour fits poorly on your strangely shaped body.
You cover ground very quickly.
You have extremely tough skin. (AC +3)
You have a somewhat thin skeletal structure. (Dex +2, Stealth)
You can translocate small distances at will.
You possess an exceptional clarity of mind.
Your natural rate of healing is unusually fast.


Message History

The polar bear barely misses you.
The black bear growls angrily.
You slash the raiju!
The raiju is poisoned.
You kick the raiju.
The raiju is moderately wounded.
You closely miss the polar bear.
You hit the polar bear but do no damage.
The polar bear is poisoned.
You miss the hell hound.
You hear an angry growl.
The hell hound breathes flames at you. The blast of flame hits you! You resist.
* * * LOW HITPOINT WARNING * * *
The polar bear bites you!
* * * LOW HITPOINT WARNING * * *
The polar bear claws you but does no damage. x2
You feel better. The polar bear bites you!
* * * LOW HITPOINT WARNING * * *
The polar bear claws you but does no damage. x2
The raiju bursts into living lightning!
The living lightning hits you!
You die...

### ### ##.#
##.####..######### .
##.†##.....#.##.#.#
....##hhh.##.....##....#
......h@#..........†..†.
....h.h##.(....#........
#...### ##..#.#.#.......
##.# #..######..#.#† #.#
#### ####### ##
####.#### ###.#...#.#
##..........
##.†..†......


You could see 3 polar bears, a raiju, a hell hound and a black bear.

Vanquished Creatures
  Rupert (Lair:5)
  Erica (D:9)
  A catoblepas (Lair:5)
  2 two-headed ogres
  A death yak (Lair:5)
  3 ugly things
  Joseph (Lair:1)
  3 black mambas
  15 elephants
  2 manticores
  6 spiny frogs
  A gargoyle (D:11)
  6 rime drakes
  10 komodo dragons
  A yaktaur (shapeshifter) (D:10)
  An ice devil (Lair:2)
  A centaur skeleton (D:10)
  2 polar bears (Lair:6)
  A queen bee (Lair:3)
  A troll (D:11)
  6 blink frogs
  3 raiju (Lair:6)
  10 hippogriffs
  6 dream sheep
  2 basilisks
  A human (D:10)
  31 yaks
  3 wyverns
  2 vampire mosquitoes (D:12)
  3 wargs (Lair:6)
  3 nagas (Lair:3)
  9 hell hounds (Lair:6)
  9 water moccasins
  5 porcupines
  3 black bears
  11 ice beasts
  2 sky beasts
  An eye of draining (D:11)
  4 orc warriors
  A phantom (D:8)
  7 ogres
  20 wolves
  3 necrophages
  7 centaurs
  8 crocodiles
  2 big kobolds (D:11)
  13 bullfrogs
  2 wyvern skeletons
  2 scorpions
  A water moccasin skeleton (D:6)
  28 killer bees
  9 howler monkeys
  4 electric eels
  12 crimson imps
  3 bullfrog zombies
  5 bullfrog skeletons
  6 hounds
  13 orc priests
  A gnoll shaman (D:7)
  16 orc wizards
  Terence (D:2)
  10 worker ants
  3 iguanas
  A howler monkey skeleton (D:10)
  10 adders
  12 gnolls
  3 shadow imps
  An adder zombie (D:5)
  An adder skeleton (D:8)
  3 worms (D:3)
  A dart slug (D:1)
  7 leopard geckos
  35 orcs
  4 ball pythons
  11 giant cockroaches
  7 hobgoblins
  26 jackals
  6 quokkas
  5 bats
  14 frilled lizards
  5 goblins
  8 kobolds
  A leopard gecko skeleton (D:6)
  A quokka skeleton (D:4)
  9 rats
  A spectral orc (D:4)
  2 fungi
  5 plants
530 creatures vanquished.

Vanquished Creatures (collateral kills)
  An ice devil (Lair:2)
  A gnoll (D:5)
  An orc (D:5)
  A kobold (D:3)
  A ball python (D:5)
5 creatures vanquished.

Vanquished Creatures (others)
  4 hydras
  A two-headed ogre (D:12)
  A cyclops (D:11)
  4 electric eels (D:11)
  An adder (D:5)
  2 orcs
  7 fungi
  12 plants
32 creatures vanquished.

Grand Total: 567 creatures vanquished

Notes
Turn   | Place    | Note
-------+----------+-------------------------------------------
     0 | Abyss:1  | Gargoyl the Centaur Abyssal Knight began the quest for the
                  | Orb.
     0 | Abyss:1  | Reached XP level 1. HP: 19/19 MP: 2/2
   202 | Abyss:2  | Noticed a bone dragon
   206 | Abyss:2  | Noticed a spatial maelstrom
   208 | Abyss:2  | Noticed a spatial vortex
   209 | D:1      | Escaped the Abyss
   275 | D:1      | Reached * piety under Lugonu
   411 | D:1      | Reached XP level 2. HP: 24/26 MP: 3/3
  1916 | D:2      | Reached XP level 3. HP: 25/31 MP: 4/4
  2140 | D:2      | Reached skill level 1 in Dodging
  2195 | D:2      | Reached ** piety under Lugonu
  2798 | D:2      | Reached XP level 4. HP: 39/39 MP: 5/5
  2817 | D:2      | Noticed Terence
  2828 | D:2      | Killed Terence
  3396 | D:3      | Found a shimmering altar of Xom.
  3396 | D:3      | Found a shimmering altar of Xom.
  3398 | D:3      | Found a shimmering altar of Xom.
  3398 | D:3      | Found a shimmering altar of Xom.
  3398 | D:3      | Found a shimmering altar of Xom.
  3398 | D:3      | Found a shimmering altar of Xom.
  3524 | D:3      | Found a shimmering altar of Xom.
  3939 | D:4      | Found Kianlani's Assorted Antiques.
  3966 | D:4      | Bought a war axe for 59 gold pieces
  4020 | D:4      | Reached XP level 5. HP: 14/46 MP: 7/7
  4494 | D:4      | Noticed a water moccasin
  4518 | D:4      | Killed a water moccasin
  4518 | D:4      | Reached XP level 6. HP: 15/52 MP: 8/8
  5551 | D:4      | Reached XP level 7. HP: 43/59 MP: 9/9
  5649 | D:4      | Found a basalt altar of Yredelemnul.
  6037 | D:5      | Entered Level 5 of the Dungeon
  6046 | D:5      | Reached *** piety under Lugonu
  6374 | D:5      | HP: 2/58 [orc wizard/dagger (1)]
  6752 | D:5      | Found a glowing drain.
  6788 | Sewer    | Entered a sewer
  6929 | Sewer    | Reached XP level 8. HP: 66/66 MP: 11/11
  7069 | Sewer    | Reached **** piety under Lugonu
  7269 | D:5      | Found Zid Xaru's Armour Boutique.
  7766 | D:5      | Reached skill level 5 in Axes
  8438 | D:6      | Found Tirreuwa's Armour Shop.
  8538 | D:6      | Found a staircase to the Ecumenical Temple.
  8604 | D:6      | Found a stormy altar of Qazlal.
  8832 | D:6      | Reached skill level 5 in Fighting
  8854 | D:6      | Reached skill level 5 in Armour
  9016 | D:6      | Reached skill level 5 in Invocations
  9016 | D:6      | Reached skill level 1 in Evocations
  9371 | D:6      | Got a fine helmet
  9377 | D:6      | Identified the +0 helmet "Norchamm" {-Cast +Blink rC+
                  | rCorr} (You found it on level 6 of the Dungeon)
  9476 | D:7      | Found a glowing silver altar of Zin.
  9503 | D:7      | Reached XP level 9. HP: 69/73 MP: 12/12
  9573 | D:7      | Found an ornate altar of the Wu Jian Council.
  9578 | D:7      | Found a burning altar of Makhleb.
  9584 | D:7      | Found a radiant altar of Vehumet.
 10283 | D:8      | Noticed a two-headed ogre
 10335 | D:8      | Killed a two-headed ogre
 10486 | D:8      | Found a deep blue altar of Sif Muna.
 10533 | D:7      | Found a glowing golden altar of the Shining One.
 10613 | D:8      | Reached ***** piety under Lugonu
 10725 | D:8      | Reached XP level 10. HP: 80/80 MP: 14/14
 10951 | D:9      | Found a hazy altar of Hepliaklqana.
 11313 | D:9      | Noticed Erica
 11327 | D:9      | Gained mutation: You have a somewhat thin skeletal
                  | structure. (Dex +2, Stealth) [potion of mutation]
 11327 | D:9      | Gained mutation: Your natural rate of healing is unusually
                  | fast. [potion of mutation]
 11327 | D:9      | Gained mutation: You possess an exceptional clarity of
                  | mind. [potion of mutation]
 11327 | D:9      | Gained mutation: You can translocate small distances at
                  | will. [potion of mutation]
 11334 | D:9      | Killed Erica
 11544 | D:9      | Found a snail-covered altar of Cheibriados.
 11933 | D:9      | Found an opulent altar of Gozag.
 11951 | D:9      | Found a bloodstained altar of Trog.
 11991 | D:10     | Entered Level 10 of the Dungeon
 12131 | D:10     | Noticed a spiny frog
 12141 | D:10     | a spiny frog changed into a yaktaur
 12624 | D:11     | Noticed a cyclops
 12676 | D:11     | HP: 1/81 [cyclops (22)]
 12679 | D:11     | Banished a cyclops
 13287 | D:11     | Noticed a red ugly thing
 13439 | D:10     | Found a staircase to the Orcish Mines.
 13451 | D:10     | Found a roughly hewn altar of Beogh.
 13531 | D:9      | Reached XP level 11. HP: 86/91 MP: 16/16
 13705 | D:10     | Found a staircase to the Lair.
 14194 | D:6      | Bought a +2 buckler for 165 gold pieces
 14688 | D:11     | Killed a red ugly thing
 15136 | D:12     | HP: 3/92 [very large slime creature (47)]
 15380 | D:12     | Noticed an eight-headed hydra
 15382 | D:12     | Banished an eight-headed hydra
 15482 | D:12     | Reached skill level 1 in Shields
 15484 | D:12     | Reached skill level 10 in Axes
 15563 | D:12     | Noticed a two-headed ogre
 15573 | D:12     | Noticed a two-headed ogre
 15580 | D:12     | Killed a two-headed ogre
 15646 | D:12     | Banished a two-headed ogre
 15702 | D:12     | Noticed a seven-headed hydra
 15705 | D:12     | Banished a seven-headed hydra
 15705 | D:12     | Reached skill level 1 in Throwing
 15869 | D:12     | Noticed a six-headed hydra
 15873 | D:12     | Banished a six-headed hydra
 16149 | D:12     | Found Sastob's Assorted Antiques.
 16202 | D:12     | Bought a scroll labeled ANEGHE MOKHLIS for 25 gold pieces
 16538 | Lair:1   | Entered Level 1 of the Lair of Beasts
 16548 | Lair:1   | Noticed an eight-headed hydra
 16552 | D:10     | Banished an eight-headed hydra
 16590 | D:10     | Reached XP level 12. HP: 83/100 MP: 19/19
 16832 | Lair:1   | Got a translucent scale mail
 16884 | Lair:1   | Identified the cursed +0 scale mail of the Trout {*Drain
                  | MP+9 Str+9} (You found it on level 1 of the Lair of Beasts)
 17030 | Lair:1   | Noticed Joseph
 17046 | Lair:1   | Killed Joseph
 17635 | Lair:2   | Found a frozen archway.
 17881 | Lair:2   | Reached skill level 10 in Invocations
 17917 | IceCv    | Entered an ice cave
 17966 | IceCv    | Found a transporter.
 17993 | IceCv    | Found a transporter.
 18322 | Lair:2   | Noticed a four-headed hydra
 18324 | Lair:2   | Banished a four-headed hydra
 18661 | Lair:3   | Found a staircase to the Shoals.
 19247 | Lair:3   | Found a staircase to the Snake Pit.
 19590 | Lair:4   | Reached XP level 13. HP: 60/108 MP: 19/21
 20873 | Lair:5   | Found a staircase to the Slime Pits.
 20873 | Lair:5   | Found a viscous altar of Jiyva.
 20920 | Lair:5   | Reached skill level 10 in Armour
 21786 | Lair:6   | Entered Level 6 of the Lair of Beasts
 22154 | Lair:6   | Noticed Rupert
 22162 | Lair:5   | Reached XP level 14. HP: 43/118 MP: 22/22
 22323 | Lair:5   | Paralysed by Rupert for 3 turns
 22377 | Lair:5   | Killed Rupert
 23405 | Lair:6   | Reached XP level 15. HP: 74/126 MP: 24/24
 23411 | Lair:6   | HP: 5/126 [polar bear (13)]
 23412 | Lair:6   | Killed from afar by a raiju

Skill      XL: |  1  2  3  4  5  6  7  8  9 10 11 12 13 14 |
---------------+-------------------------------------------+-----
Axes           | 2 3 4 5 7 9 10 11 12 | 12.9
Dodging        | 1 2 3 |  3.6
Armour         | 2 3 4 5 6 7 8 9 10 | 10.9
Invocations    | 3 4 5 6 7 9 10 11 12 | 12.1
Fighting       | 4 5 6 7 8 9 |  9.7
Evocations     | 1 2 |  2.1
Shields        | 1 2 3 |  3.4
Throwing       | 1 2 |  2.5

Action                   |  1- 3 |  4- 6 |  7- 9 | 10-12 | 13-15 || total
-------------------------+-------+-------+-------+-------+-------++-------
Melee: Hand axe          |   117 |    83 |     3 |       |       ||   203
       Kick              |    11 |    39 |    98 |   268 |   141 ||   557
       War axe           |       |    92 |   405 |   843 |   407 ||  1747
Throw: Tomahawk          |       |       |     6 |    10 |     4 ||    20
Invok: Depart the Abyss  |     1 |       |       |       |       ||     1
       Bend Space        |       |       |     3 |     1 |       ||     4
       Banish            |       |       |       |    19 |     6 ||    25
Evoke: Wand              |       |     9 |    10 |       |       ||    19
  Use: Scroll            |     1 |     3 |     9 |    13 |     2 ||    28
       Potion            |       |     3 |     1 |    10 |     6 ||    20
 Stab: Betrayed ally     |       |       |     1 |       |       ||     1
  Eat: Chunk             |     4 |     8 |    15 |    15 |    13 ||    55
       Ration            |       |       |       |     4 |       ||     4
Armor: Leather armour    |    51 |     7 |       |       |       ||    58
       Ring mail         |       |    52 |    91 |       |       ||   143
       Chain mail        |       |       |    45 |       |   148 ||   193
       Plate armour      |       |       |   159 |   630 |   200 ||   989
       Skin              |       |       |       |     8 |       ||     8
Dodge: Dodged            |    68 |    94 |   254 |   413 |   221 ||  1050
Block: Buckler           |       |       |       |   200 |   185 ||   385
